 Dungeon Crawl Stone Soup version 0.32-a0-328-gd8048dd28f (webtiles) character file.

Game seed: 12889405789375554055

3126 sanka the Skirmisher (level 9, -13/67 HPs)
             Began as a Demigod Hunter on Feb 16, 2024.
             Mangled by a human
             ... wielding a +1 heavy hand axe
              (18 damage)
             ... in a bailey.
             The game lasted 00:09:34 (6368 turns).

sanka the Skirmisher (Demigod Hunter)               Turns: 6368, Time: 00:09:34

Health: -13/67     AC:  8    Str: 12    XL:     9   Next: 35%
Magic:  20/20      EV: 18    Int: 11    God:
Gold:   440        SH:  0    Dex: 29    Spells: 8/8 levels left

rFire   . . .        a - +0 orcbow
rCold   . . .        (shield currently unavailable)
rNeg    + . .        B - +0 steam dragon scales
rPois   .            I - +0 helmet
rElec   .            A - +1 cloak
rCorr   .            (no gloves)
SInv    .            (no boots)
Will    .....        (no amulet)
Stlth   ++           G - ring of positive energy
HPRegen 0.31/turn    q - ring of magical power
MPRegen 0.17/turn

%: no passive effects
@: no status effects
A: high MP 1, forlorn, divine attributes
a: no special abilities


You were in a bailey.
You visited 1 branch of the dungeon, and saw 8 of its levels.
You also visited: Bailey.

You collected 482 gold pieces.
You spent 42 gold pieces at shops.


Innate Abilities, Weirdness & Mutations

You have an increased reservoir of magic. (+10% MP)
You shall have no god before yourself.
Your divine heritage dramatically boosts your attributes as you level up.


   Skills:
 - Level 2.0 Fighting
 * Level 11.6 Ranged Weapons
 + Level 5.7 Dodging
 - Level 0.8 Stealth


You had 8 spell levels left.
You didn't know any spells.
Your spell library contained the following spells:

 Spells                   Type           Power      Damage    Failure   Level
 Ensorcelled Hibernation  Hex/Ice        0%         N/A       47%         2
 Lesser Beckoning         Tloc           0%         N/A       47%         2
 Static Discharge         Conj/Air       0%         3-3/arc   47%         2
 Gell's Gravitas          Tloc           0%         N/A       71%         3
 Passwall                 Erth           0%         N/A       71%         3
 Swiftness                Air            0%         N/A       71%         3
 Teleport Other           Tloc           0%         N/A       71%         3
 Airstrike                Air            0%         2d(0-16)  98%         4
 Passage of Golubria      Tloc           0%         N/A       98%         4
 Summon Lightning Spire   Summ/Air       0%         N/A       98%         4
 Silence                  Hex/Air        0%         N/A       100%        5
 Lehudib's Crystal Spear  Conj/Erth      0%         10d2      100%        8

Inventory:

Hand Weapons
 a - a +0 orcbow (weapon)
Missiles
 D - a throwing net {=f}
Armour
 A - a +1 cloak (worn)
 B - +0 steam dragon scales (worn)
 I - a +0 helmet (worn)
Jewellery
 q - a ring of magical power (right hand)
 G - a ring of positive energy (left hand)
Wands
 g - a wand of flame (16)
 z - a wand of iceblast (20)
 H - a wand of paralysis (5)
 K - a wand of light (3)
Scrolls
 b - a scroll of butterflies
 m - a scroll of fog {unknown}
 n - 2 scrolls of enchant weapon {unknown}
 p - 2 scrolls of vulnerability {unknown}
 r - a scroll of enchant armour {unknown}
 s - a scroll of brand weapon {unknown}
 v - 3 scrolls of identify {unknown}
 y - a scroll of silence {unknown}
 C - a scroll of blinking {unknown}
 F - a scroll of fear {unknown}
Potions
 d - 2 potions of mutation {unknown}
 e - a potion of degeneration {unknown}
 f - a potion of enlightenment {unknown}
 h - 2 potions of might {unknown}
 j - 2 potions of attraction {unknown}
 l - a potion of resistance {unknown}
 o - a potion of haste {unknown}
 t - 2 potions of curing {@q1}
 w - 2 potions of ambrosia {unknown}
 x - a potion of invisibility {unknown}
 E - a potion of berserk rage {unknown}

Dungeon Overview and Level Annotations

Branches:
Dungeon (8/15)             Temple (0/1) D:7          Bailey (1/1)
   Lair: D:8-11

Shops:
D:5 (*

Annotations:
D:2 1 runed translucent door, Crazy Yiuf

▒▒▒▒▒
▒▒...▒▒
▒.....▒
▒.∩.∩.▒
▒..p..▒
▒▒.po▒▒
▒+▒g▒
▒o.
▒...
▒...▒
▒...▒
▒▒..▒
..▒


You could see a human, an orc warrior, a gnoll and an orc.


Message History

You shoot an arrow. The arrow misses the human.
Unknown command.
You shoot an arrow. The arrow hits the human!
You kill the human!
The human hits you with a +1 heavy hand axe!
* * * LOW HITPOINT WARNING * * *
Unknown command.
The orc warrior hits you with a +0 hand axe!
* * * LOW HITPOINT WARNING * * *
The human misses you.
Unknown command.
You shoot an arrow. The arrow hits the orc warrior.
The orc warrior is heavily wounded.
The orc warrior hits you but does no damage.
Unknown command.
You shoot an arrow.
The arrow barely misses the orc warrior.
The human hits you with a +1 heavy hand axe!
* * * LOW HITPOINT WARNING * * *
The orc warrior hits you with a +0 hand axe!
* * * LOW HITPOINT WARNING * * *
Unknown command.
You shoot an arrow.
The arrow barely misses the orc warrior.
The orc warrior barely misses you.
The human hits you with a +1 heavy hand axe!!
You die...

Action                     |  1- 3 |  4- 6 |  7- 9 || total
---------------------------+-------+-------+-------++-------
   Fire: Shortbow          |    82 |   158 |     5 ||   245
         Orcbow            |       |       |   290 ||   290
    Use: Potion            |       |       |     3 ||     3
 Armour: Leather armour    |    12 |    12 |       ||    24
         Chain mail        |       |    38 |    62 ||   100
         Steam dragon scal |       |       |    90 ||    90
  Dodge: Dodged            |    16 |    33 |   103 ||   152

Levels and vault maps discovered:
D:1:      psy_arrival_basics, layout_basic
D:2:      layout_loops_ring, kennysheep_nub, minmay_tetromino_t2, uniq_jessica,
          uniq_crazy_yiuf_cottage
D:3:      layout_loops_ring, dancing_weapons_uskayaw, fedhas_ov_isle_minmay
D:4:      layout_basic
D:5:      layout_loops_ring, serial_shops, shop, nicolae_elemental_shop
D:6:      layout_cave_pools, minivault_23
D:7:      layout_loops_ring, temple_green, uniq_pikel, uniq_jeremiah
D:8:      layout_basic, david_lair_shrubbed, enter_bailey_3, uniq_grum
Bailey:   bailey_axe_froggy_fort_hellmonk, bailey

Notes
Turn   | Place    | Note
-------+----------+-------------------------------------------
     0 | D:1      | sanka the Demigod Hunter began the quest for the Orb.
     0 | D:1      | Reached XP level 1. HP: 17/17 MP: 3/3
     8 | D:1      | Reached skill level 2 in Fighting
    74 | D:1      | Reached skill level 4 in Ranged Weapons
    74 | D:1      | Reached XP level 2. HP: 24/24 MP: 4/4
   321 | D:2      | Noticed Jessica
   327 | D:2      | Killed Jessica
   328 | D:2      | Reached XP level 3. HP: 10/29 MP: 5/5
   525 | D:2      | Reached skill level 5 in Ranged Weapons
   716 | D:1      | Reached XP level 4. HP: 36/36 MP: 6/6
  1021 | D:2      | Found a runed translucent door.
  1022 | D:2      | Noticed Crazy Yiuf
  1464 | D:3      | Noticed a +0 hand axe
  1464 | D:3      | Noticed a +0 dagger
  1483 | D:3      | HP: 2/36 [iguana (11)]
  2357 | D:4      | Reached skill level 6 in Ranged Weapons
  2357 | D:4      | Reached XP level 5. HP: 31/41 MP: 7/7
  2592 | D:4      | Identified the +6 chain mail of Existentialism {Str+6}
  3125 | D:5      | Entered Level 5 of the Dungeon
  3138 | D:5      | Reached XP level 6. HP: 48/48 MP: 8/8
  3159 | D:5      | Reached skill level 7 in Ranged Weapons
  3346 | D:5      | Found Uzant's Weapon Shop.
  3479 | D:5      | Reached skill level 8 in Ranged Weapons
  3515 | D:5      | Reached XP level 7. HP: 37/55 MP: 9/9
  3732 | D:5      | Found Narchao's Elemental Accessories.
  3899 | D:5      | Bought a +0 orcbow for 42 gold pieces
  3953 | D:6      | Identified +0 steam dragon scales
  4080 | D:6      | HP: 5/55 [orc/+0 trident (1)]
  4265 | D:6      | Reached skill level 9 in Ranged Weapons
  4282 | D:6      | Reached skill level 2 in Dodging
  4474 | D:6      | Reached skill level 3 in Dodging
  4474 | D:6      | Reached XP level 8. HP: 57/61 MP: 10/10
  5094 | D:7      | Noticed Pikel
  5103 | D:7      | Killed Pikel
  5104 | D:7      | Reached skill level 10 in Ranged Weapons
  5104 | D:7      | Reached skill level 4 in Dodging
  5518 | D:7      | Noticed Jeremiah
  5587 | D:7      | Killed Jeremiah
  5588 | D:7      | Reached skill level 11 in Ranged Weapons
  5588 | D:7      | Reached skill level 5 in Dodging
  5588 | D:7      | Reached XP level 9. HP: 33/67 MP: 11/11
  5914 | D:7      | Found a staircase to the Ecumenical Temple.
  6142 | D:8      | Identified the +6 tower shield of Beogh, Flying {rCorr
                  | Int+4}
  6311 | D:8      | Found a flagged portal.
  6336 | Bailey   | Entered a bailey
  6367 | Bailey   | HP: 5/67 [orc warrior/+0 hand axe (7)]
  6368 | Bailey   | Mangled by a human

Vanquished Creatures
  Pikel (D:7)
  Jeremiah (D:7)
  2 humans (Bailey)
  2 orc warriors
  3 black bears
  An ice beast (D:6)
  A centaur (D:7)
  An ogre (D:5)
  A phantom (D:5)
  A bullfrog (D:8)
  A gnoll sergeant (D:7)
  2 scorpions
  3 wights (D:6)
  4 hounds
  A gnoll bouda (D:6)
  2 orc priests
  3 jellies
  Jessica (D:2)
  4 iguanas
  2 sleepcaps
  5 orc wizards
  13 gnolls
  3 adders
  2 ufetubi (D:6)
  3 dart slugs
  2 ribbon worms
  21 orcs
  2 bats
  10 endoplasms
  9 goblins
  5 hobgoblins
  8 kobolds
  A quokka (D:3)
  6 ball pythons
  6 frilled lizards
  4 rats
137 creatures vanquished.
